[Event "*** Titled Tuesday Blitz"]
[Site "Chess.com"]
[Date "2021.03.02"]
[Round "10"]
[White "mr65"]
[Black "salomez"]
[Result "0-1"]
[WhiteElo "2070"]
[BlackElo "2207"]
[TimeControl "180+1"]
[EndTime "11:57:14 PST"]
[Termination "salomez won by resignation"]

1. e4 c5 2. Nf3 e6 3. d4 cxd4 4. Nxd4 Nf6 5. Nc3 Nc6 6. Ndb5 d6 7. Bf4 e5 8. Bg5 a6 9. Na3 b5 10. Nd5 Be7 11. Bxf6 Bxf6 12. c3 O-O 13. Be2 Bg5 14.
O-O Be6 15. Nc2 Ne7 16. Nce3 g6 17. a4 bxa4 18. Rxa4 a5 19. b4 axb4 20. Rxa8 Qxa8 21. Nc7 Qxe4 22. Nxe6 fxe6 23. Bf3 Qf4 24. Qxd6 e4 25. Qxf4 Bxf4 26. Bg4 Bxe3 27. Bxe6+ Kg7 28. fxe3 Rxf1+ 29. Kxf1 bxc3 30. Ke1 Kf6 31. Ba2 Ke5 32. g4 Nd5 33. Ke2 Nb4 34. Bg8 h6 35. h4 g5 36. hxg5 hxg5 37. Bh7 c2 38. Kd2 Nd5 39. Kxc2 Nxe3+ 40. Kd2 Nxg4 41. Ke2 Kf4 42. Bg8 Ne5 43. Be6 g4 44. Kf1 Kf3 45. Bb3 g3 46. Bd1+ Ke3 47. Kg2 Kf4 48.
Be2 e3 49. Bd1 Nc6 50. Be2 Nd4 51. Bd3 e2 52. Bxe2 Nxe2 53. Kh1 Nd4 54. Kg2 Kg4 55. Kh1 Kf3 56. Kg1 Ne2+ 57. Kh1 g2+ 0-1

[Event "*** Titled Tuesday Blitz"]
[Site "Chess.com"]
[Date "2021.03.02"]
[Round "10"]
[White "ChainsOfFantasia"]
[Black "Shuvalov"]
[Result "1-0"]
[WhiteElo "2468"]
[BlackElo "2534"]
[TimeControl "180+1"]
[EndTime "11:57:16 PST"]
[Termination "ChainsOfFantasia won by resignation"]

1. d4 Nf6 2. Nf3 g6 3. c4 Bg7 4. Nc3 d5 5. cxd5 Nxd5 6. e4 Nxc3 7. bxc3 c5 8. Bb5+ Nc6 9. Rb1 O-O 10. d5 Bxc3+ 11. Bd2 Bxd2+ 12. Qxd2 Nd4 13. Nxd4 cxd4 14. Qxd4 Qa5+ 15. Qd2 Qxd2+ 16. Kxd2 f5 17. e5 Rd8 18. Ke3 Bd7 19. Bc4 Rac8 20. Rhc1 b5 21. Be2 f4+ 22. Kxf4 Bf5 23. Rxc8 Rxc8 24. Rxb5 Rc2 25. Ke3 Rxa2 26. Rb7 Kf8 27. g4 Bc2 28. d6 exd6 29. exd6 Ba4 30.
Rxa7 h6 31. Ra8+ Kg7 32. d7 Rxe2+ 33. Kxe2 Bxd7 34. Ra7 1-0

[Event "*** Titled Tuesday Blitz"]
[Site "Chess.com"]
[Date "2021.03.02"]
[Round "10"]
[White "enriquetejedor"]
[Black "anpospan"]
[Result "1-0"]
[WhiteElo "2514"]
[BlackElo "2366"]
[TimeControl "180+1"]
[EndTime "11:57:17 PST"]
[Termination "enriquetejedor won on time"]

1. d3 Nc6 2. Nd2 e5 3. Ngf3 f5 4. g3 Nf6 5. Bg2 d6 6. O-O Be7 7. e4 O-O 8. c3 Qe8 9. exf5 Bxf5 10.
d4 Qh5 11. dxe5 dxe5 12. Nh4 Qxd1 13. Rxd1 Bc2 14. Re1 Bc5 15. b4 Bb6 16. Nc4 Ng4 17.
Nxb6 axb6 18. Re2 Bd3 19. Rd2 e4 20. f3 Ne3 21. Rxd3 Nxg2 22. fxe4 Ne5 23. Rd5 Nxh4 24. gxh4 Nf3+ 25. Kg2 Nxh4+ 26. Kg3 Ng6 27. Bg5 h6 28. Bd2 Rae8 29. Re1 Ne5 30. Bf4 Ng6 31. Bxc7 Rc8 32. Rd7 Rf7 33. Rxf7 Kxf7 34. Bxb6 Rxc3+ 35. Kf2 Rc2+ 36. Re2 Rc4 37. Bc5 Ne5 38. Rd2 Rxe4 39. a4 Ke6 40. a5 Kf5 41. Rd8 Ng4+ 42. Kg3 h5 43. Rf8+ Kg5 44. h4+ Kg6 45. Rb8 Rc4 46. Rxb7 Rc3+ 47.
Kf4 Rc4+ 48. Kf3 Rc3+ 49. Ke4 Rh3 50. a6 Rxh4 51. a7 Nf6+ 52. Kd3 Rh3+ 53. Be3 1-0

[Event "*** Titled Tuesday Blitz"]
[Site "Chess.com"]
[Date "2021.03.02"]
[Round "10"]
[White "Skat2704"]
[Black "Goryachkina"]
[Result "1/2-1/2"]
[WhiteElo "2583"]
[BlackElo "2697"]
[TimeControl "180+1"]
[EndTime "11:57:19 PST"]
[Termination "Game drawn by agreement"]

1. d4 Nf6 2. c4 e6 3. Nf3 d5 4. Nc3 c6 5. Bg5 h6 6. Bh4 Nbd7 7. e3 Be7 8. Bd3 O-O 9. O-O b6 10. Rc1 Bb7 11. cxd5 cxd5 12. Bb1 Rc8 13. Qc2 Ne4 14. Bg3 Ndf6 15. Ne5 Nxc3 16. bxc3 Ne4 17. Qd3 Ba3 18. Rc2 f5 19. c4 Bd6 20. cxd5 Bxd5 21. Rfc1 Rxc2 22. Qxc2 Nxg3 23. hxg3 Bxe5 24. dxe5 Qd7 25.
Qc7 Qa4 26. Qe7 Re8 27. Qd6 Kh7 28. Bxf5+ exf5 29. Qxd5 Qe4 30. Qxe4 fxe4 31. Rc7 Rxe5 32. Rxa7 1/2-1/2

[Event "*** Titled Tuesday Blitz"]
[Site "Chess.com"]
[Date "2021.03.02"]
[Round "10"]
[White "Alex-11211"]
[Black "Gusarov91"]
[Result "0-1"]
[WhiteElo "2391"]
[BlackElo "2528"]
[TimeControl "180+1"]
[EndTime "11:57:23 PST"]
[Termination "Gusarov91 won on time"]

1. e4 c6 2. Nc3 d5 3. d4 dxe4 4.
Nxe4 Bf5 5. Ng3 Bg6 6. Nf3 Nd7 7. h4 h6 8. h5 Bh7 9. Bd3 Bxd3 10. Qxd3 Ngf6 11.
Bd2 e6 12. O-O-O Bd6 13. Ne4 Nxe4 14. Qxe4 Nf6 15. Qe2 Qe7 16. Ne5 O-O-O 17. c4 Bxe5 18. dxe5 Nd7 19. Bc3 Qg5+ 20. Kb1 Nc5 21. g3 Qf5+ 22. Ka1 Qe4 23. Qxe4 Nxe4 24. Bd4 b6 25.
Be3 Kc7 26. Kb1 f6 27. Rxd8 Rxd8 28. exf6 Nxf6 29. Kc2 e5 30. Rd1 Rxd1 31. Kxd1 Nxh5 32. Ke2 Nf6 33. Kf3 Kd6 34. b3 c5 35. g4 Ke6 36.
g5 hxg5 37. Bxg5 Ne8 38. Ke3 Nd6 39. Bd8 Nf5+ 40. Kd3 Nd4 0-1

[Event "*** Titled Tuesday Blitz"]
[Site "Chess.com"]
[Date "2021.03.02"]
[Round "10"]
[White "MillyNeuf"]
[Black "zverr1"]
[Result "1/2-1/2"]
[WhiteElo "2278"]
[BlackElo "2436"]
[TimeControl "180+1"]
[EndTime "11:57:24 PST"]
[Termination "Game drawn by 50-move rule"]

1. e4 Nf6 2. e5 Nd5 3. d4 d6 4.
c4 Nb6 5. exd6 cxd6 6. Nc3 g6 7. Be3 Bg7 8. Rc1 O-O 9. b3 Nc6 10. Nf3 Bg4 11. Be2 e5 12. dxe5 dxe5 13. Qxd8 Raxd8 14.
c5 Nd5 15. Nxd5 Rxd5 16. Bc4 Bxf3 17. gxf3 Rd7 18. Ke2 Rfd8 19. Rhd1 Rxd1 20. Rxd1 Rxd1 21. Kxd1 Kf8 22. a3 f5 23. b4 a6 24. Bd2 Ke7 25. Bc3 Bh6 26. a4 Bf4 27. h3 Kd7 28. b5 axb5 29. axb5 Nd8 30. Bd5 h5 31. Ba5 Ne6 32. c6+ bxc6 33. bxc6+ Kd6 34. c7 Nxc7 35. Bxc7+ Kxc7 36. Bf7 g5 37. Bxh5 Kd6 38. Ke2 Ke6 39.
Kf1 Kf6 40. Kg2 Bc1 41. Be8 Ba3 42. Bc6 Bd6 43. Be8 Ke7 44. Bb5 Kf7 45. Bd3 Kg6 46. Bc2 Kf6 47. Bd3 Bc5 48. Bc2 Ke6 49. Bd3 Bf8 50.
Bc2 Bg7 51. Bb1 Bh6 52. Bc2 Bf8 53. Bb1 Ba3 54. Bc2 Bc1 55. Bb1 Bf4 56. Bc2 Kf6 57. Bb1 Kg6 58. Bc2 Kf6 59. Bb1 Bd2 60. Bc2 Bc3 61.
Bb1 Bd2 62. Bc2 Bc1 63. Bb1 Kg6 64. Bc2 Bb2 65. Bb1 Ba1 66. Bc2 Bd4 67. Bb1 Bc5 68.
Bc2 Bb4 69. Bb1 Be1 70. Bc2 Kf6 71. Bb1 Ba5 72. Bc2 Bb6 73. Bb1 Ba7 74. Bc2 Bb8 75.
Bb1 Bc7 76. Bc2 Bd8 77. Bb1 Be7 78. Bc2 Bf8 79. Bb1 Bg7 80. Bc2 Bh8 81. Bb1 Bg7 82.
Bc2 Bf8 83. Bb1 Bc5 84. Bc2 Bb6 85. Bb1 Bd4 86. Bc2 Bc5 87. Bb1 1/2-1/2

[Event "*** Titled Tuesday Blitz"]
[Site "Chess.com"]
[Date "2021.03.02"]
[Round "10"]
[White "Mikhail_Golubev"]
[Black "ljuks68"]
[Result "1-0"]
[WhiteElo "2590"]
[BlackElo "2450"]
[TimeControl "180+1"]
[EndTime "11:57:27 PST"]
[Termination "Mikhail_Golubev won by checkmate"]

1. e4 e6 2. d4 d5 3. Nc3 Bb4 4. e5 Ne7 5. a3 Bxc3+ 6. bxc3 c5 7. a4 Qa5 8. Bd2 Bd7 9. Nf3 Nbc6 10. Bb5 Qc7 11. O-O c4 12. Bc1 O-O 13. Ba3 Rfe8 14. Bxc6 Bxc6 15. Ng5 h6 16. Nh3 b6 17. f4 Qd7 18. g4 g6 19. f5 exf5 20. gxf5 Nxf5 21.
Nf4 Kh7 22. Qf3 Rad8 23. a5 bxa5 24. Rf2 Rb8 25. Raf1 Rb7 26. Qh3 Ng7 27. e6 fxe6 28. Nxg6 Kxg6 29. Rf6+ Kh7 30. Rxh6+ Kg8 31. Rh8# 1-0

[Event "*** Titled Tuesday Blitz"]
[Site "Chess.com"]
[Date "2021.03.02"]
[Round "10"]
[White "mbojan"]
[Black "Anton_Demchenko"]
[Result "0-1"]
[WhiteElo "2616"]
[BlackElo "2901"]
[TimeControl "180+1"]
[EndTime "11:57:28 PST"]
[Termination "Anton_Demchenko won on time"]

1. g3 Nf6 2. Bg2 g6 3. e4 d6 4.
Ne2 Bg7 5. O-O O-O 6. d3 e5 7. h3 d5 8. Nd2 Nc6 9. f4 dxe4 10.
dxe4 b6 11. f5 Ba6 12. Rf2 Nh5 13. g4 Bxe2 14. Qxe2 Nf4 15. Qe1 Nd4 16. Nf1 Bf6 17.
Bxf4 exf4 18. Rd1 f3 19. c3 fxg2 20. Kxg2 c5 21. cxd4 Bxd4 22. Nd2 Bxf2 23. Qxf2 Qd3 24. Re1 Rfe8 25. e5 gxf5 26. gxf5 Kh8 27. Qf4 Rg8+ 28. Kh2 Rad8 29. Nf3 Qc2+ 0-1

[Event "*** Titled Tuesday Blitz"]
[Site "Chess.com"]
[Date "2021.03.02"]
[Round "10"]
[White "anon102030"]
[Black "Ajedrez_con_German"]
[Result "1-0"]
[WhiteElo "2704"]
[BlackElo "2571"]
[TimeControl "180+1"]
[EndTime "11:57:28 PST"]
[Termination "anon102030 won on time"]

1. e4 g6 2. Nc3 Bg7 3. g3 c5 4.
Bg2 Nc6 5. d3 e6 6. Be3 Nd4 7.
Qd2 d6 8. Nd1 Ne7 9. c3 Ndc6 10.
Bh6 O-O 11. h4 f6 12. Bxg7 Kxg7 13. Ne2 h5 14. d4 cxd4 15. Nxd4 Nxd4 16. Qxd4 e5 17.
Qd2 Be6 18. Ne3 Qc7 19. O-O Rad8 20. b3 b5 21. f4 Qc5 22. Kh2 exf4 23. Rxf4 d5 24.
exd5 Nxd5 25. Bxd5 Bxd5 26. Rd4 Bf3 27. Rf1 Rxd4 28.
cxd4 Qc6 29. d5 1-0

[Event "*** Titled Tuesday Blitz"]
[Site "Chess.com"]
[Date "2021.03.02"]
[Round "10"]
[White "GregShahade"]
[Black "Sergey85Rodchenkov"]
[Result "1-0"]
[WhiteElo "2647"]
[BlackElo "2497"]
[TimeControl "180+1"]
[EndTime "11:57:28 PST"]
[Termination "GregShahade won by resignation"]

1. e4 c5 2. Nf3 d6 3. d4 cxd4 4. Nxd4 Nf6 5. Nc3 a6 6. Be3 e5 7.
Nb3 Be7 8. f3 Be6 9. Qd2 Qc7 10.
O-O-O b5 11. g4 O-O 12. Kb1 b4 13. Nd5 Bxd5 14. exd5 a5 15. g5 Nh5 16. Bb5 Nd7 17. Bc6 Rac8 18. c4 Nb8 19. Bb5 g6 20. Qe2 Bd8 21.
c5 Nd7 22. c6 Nb6 23. Nxa5 Nxd5 24. Rxd5 Qxa5 25. Rxd6 Rb8 26. Bc4 Nf4 27. Bxf4 exf4 28. h4 Qc5 29. Rhd1 Bb6 30. Bb3 Rbc8 31. Qe4 Qf2 32.
Rxg6+ hxg6 33. Qxg6+ Kh8 34. Qh6+ Kg8 35. Qg6+ Kh8 36.
Qh6+ Kg8 37. g6 1-0

[Event "*** Titled Tuesday Blitz"]
[Site "Chess.com"]
[Date "2021.03.02"]
[Round "10"]
[White "HouseOfDurin"]
[Black "gumimis"]
[Result "0-1"]
[WhiteElo "2171"]
[BlackElo "2296"]
[TimeControl "180+1"]
[EndTime "11:57:30 PST"]
[Termination "gumimis won by resignation"]

1. d4 Nf6 2. Bg5 Ne4 3. h4 Nxg5 4. hxg5 e6 5. Nf3 Be7 6. g6 fxg6 7. Ne5 O-O 8. e3 d6 9. Nxg6 hxg6 10. Bd3 Rf6 11. Qg4 e5 12. Bc4+ d5 13. Bxd5+ Qxd5 14. Qxc8+ Rf8 15. Qh3 exd4 16. Nd2 dxe3 17. Qxe3 Bg5 18.
Qd3 Qxd3 19. cxd3 Bxd2+ 20. Kxd2 Rxf2+ 21. Ke3 Rxb2 22. Rh4 Nc6 23. Rah1 Re8+ 24. Kf3 Ne5+ 25. Kg3 Nd7 26. Rh8+ Kf7 27. Rf1+ Nf6 28. Rh4 Rxa2 29. Rc4 c6 30. Rd4 Re3+ 31. Kh2 Ke7 32. Rg4 Nxg4+ 0-1

[Event "*** Titled Tuesday Blitz"]
[Site "Chess.com"]
[Date "2021.03.02"]
[Round "10"]
[White "lagedema"]
[Black "Manukyan_Artak"]
[Result "0-1"]
[WhiteElo "2503"]
[BlackElo "2360"]
[TimeControl "180+1"]
[EndTime "11:57:32 PST"]
[Termination "Manukyan_Artak won by resignation"]

1. d4 Nf6 2. c4 g6 3. Nc3 Bg7 4. e4 O-O 5. f3 d6 6. Be3 e5 7. Nge2 Nc6 8. Qd2 a6 9. d5 Ne7 10. Ng3 c5 11. Be2 b5 12. cxb5 h5 13. O-O h4 14. Nh1 Nh5 15. bxa6 Bxa6 16. Bxa6 Rxa6 17.
Nf2 Qb8 18. Bg5 Bf6 19. b3 Kg7 20. Ng4 Rh8 21. Nxf6 Nxf6 22. f4 Neg8 23. f5 Qb4 24. fxg6 fxg6 25. Kh1 h3 26. Qf2 hxg2+ 27. Kxg2 Rxh2+ 28.
Kxh2 Ng4+ 29. Kg3 Nxf2 0-1

[Event "*** Titled Tuesday Blitz"]
[Site "Chess.com"]
[Date "2021.03.02"]
[Round "10"]
[White "tigra"]
[Black "KuzubovYuriy"]
[Result "1-0"]
[WhiteElo "2888"]
[BlackElo "2914"]
[TimeControl "180+1"]
[EndTime "11:57:34 PST"]
[Termination "tigra won by checkmate"]

1. e4 c5 2. Nf3 Nc6 3. d3 Nf6 4. g3 d5 5. exd5 Nxd5 6. Bg2 g6 7. O-O Bg7 8. Re1 O-O 9. Nbd2 b6 10. Nc4 Bb7 11. a4 e6 12. Bg5 Qc7 13. Qc1 Rfe8 14. Bh6 Bh8 15. h4 Ndb4 16. Qd1 Rad8 17. Nfd2 a6 18.
Ne4 Ne7 19. Bf4 e5 20. Nxe5 Ned5 21. Nxg6 Nxf4 22. Nxf4 Bxb2 23. Rb1 Be5 24. Qg4+ Kh8 25. Qh5 Bxf4 26. Nf6 Rxe1+ 27. Rxe1 h6 28. Qf5 Kg7 29. gxf4 Bxg2 30. Qh7+ Kxf6 31. Qxh6+ Kf5 32. Qg5# 1-0

[Event "*** Titled Tuesday Blitz"]
[Site "Chess.com"]
[Date "2021.03.02"]
[Round "10"]
[White "lacafi"]
[Black "dhaessel"]
[Result "0-1"]
[WhiteElo "2149"]
[BlackElo "1972"]
[TimeControl "180+1"]
[EndTime "11:57:34 PST"]
[Termination "dhaessel won by checkmate"]

1. d4 Nf6 2. Nf3 g6 3. c4 Bg7 4. Nc3 d5 5. cxd5 Nxd5 6. e4 Nxc3 7. bxc3 c5 8. Be3 O-O 9. Be2 Nc6 10. O-O Bg4 11. e5 Qa5 12. h3 Bxf3 13. Bxf3 Rad8 14.
Bxc6 bxc6 15. Qf3 cxd4 16. cxd4 c5 17. dxc5 Bxe5 18. Rac1 Qxa2 19. c6 Rc8 20. Qe4 Bf6 21.
c7 a5 22. Rc4 Qe2 23. Rfc1 e6 24. Qc6 Bb2 25. R1c2 Qd1+ 26. Kh2 Be5+ 27. g3 Rxc7 28.
Qe4 Rxc4 29. Rxc4 Bg7 30. Ra4 Qe1 31. Qc6 Rd8 32. Qb5 Rd1 33. Kg2 Qh1# 0-1

[Event "*** Titled Tuesday Blitz"]
[Site "Chess.com"]
[Date "2021.03.02"]
[Round "10"]
[White "Chernov_Mikhail"]
[Black "louis198"]
[Result "0-1"]
[WhiteElo "2380"]
[BlackElo "2634"]
[TimeControl "180+1"]
[EndTime "11:57:35 PST"]
[Termination "louis198 won on time"]

1. e4 e6 2. d4 d5 3. c4 dxe4 4. Nc3 c5 5. d5 exd5 6. cxd5 Nf6 7. f3 e3 8. Bxe3 Bd6 9. Qc2 O-O 10. O-O-O Re8 11.
Bg5 h6 12. Bh4 Na6 13. a3 Nc7 14. Bd3 b5 15. Ne4 Bf4+ 16. Kb1 g5 17. Bg3 c4 18. Bxf4 gxf4 19. Nxf6+ Qxf6 20. Be4 Qd6 21. Nh3 b4 22. axb4 a5 23. b5 Nxb5 24. Qxc4 Rb8 25. Ka1 Bxh3 26.
gxh3 Rec8 27. Rhg1+ Kf8 28. Qd3 Qb4 29. Bh7 Qa4+ 30.
Kb1 Nc3+ 31. Qxc3 Rxc3 32. Rg8+ Ke7 33. d6+ Kf6 34. Rxb8 Qxd1+ 35. Ka2 Rc1 0-1

[Event "*** Titled Tuesday Blitz"]
[Site "Chess.com"]
[Date "2021.03.02"]
[Round "10"]
[White "Chernobay_Artem"]
[Black "GigaQuparadze"]
[Result "0-1"]
[WhiteElo "2619"]
[BlackElo "2946"]
[TimeControl "180+1"]
[EndTime "11:57:36 PST"]
[Termination "GigaQuparadze won on time"]

1. d4 Nf6 2. c4 e6 3. Nf3 b6 4. g3 Ba6 5. b3 Bb4+ 6. Bd2 Be7 7.
Bg2 c6 8. Bc3 d5 9. Nbd2 O-O 10.
Qc2 Nbd7 11. e4 b5 12. O-O bxc4 13. bxc4 Nb6 14. Ne5 Qc8 15. Rfe1 dxc4 16. a4 Nfd7 17. Nxd7 Qxd7 18. a5 Nc8 19. e5 Rb8 20. Rab1 Rb5 21. Qa2 c5 22. dxc5 Rxc5 23. Ne4 Rd5 24. Bf1 Qc7 25.
Rec1 Rfd8 26. h4 h6 27. Bg2 Rd3 28. Bb4 Bxb4 29. Rxb4 Qxe5 30. Qa4 Qc7 31. Bf1 R3d4 32. Nc3 Nd6 33. Ne2 Rd5 34. Nf4 Rxa5 35. Qc2 Qc5 36. Rbb1 Rb5 37. Ra1 Rb6 38. Nd3 Qc8 39. Nf4 Nf5 40.
h5 Nd4 41. Qe4 Bb7 0-1

[Event "*** Titled Tuesday Blitz"]
[Site "Chess.com"]
[Date "2021.03.02"]
[Round "10"]
[White "volunteers1998"]
[Black "rachidhuilda"]
[Result "1-0"]
[WhiteElo "2183"]
[BlackElo "2277"]
[TimeControl "180+1"]
[EndTime "11:57:36 PST"]
[Termination "volunteers1998 won by resignation"]

1. e4 c6 2. d4 d5 3. e5 Bf5 4. Nc3 e6 5. g4 Bg6 6. Nge2 c5 7. h4 cxd4 8. Nxd4 h6 9. f4 Be7 10. Bb5+ Kf8 11. h5 Bh4+ 12. Kf1 Be4 13. Nxe4 dxe4 14. f5 Qd5 15. Rxh4 Qxe5 16. fxe6 Nf6 17. exf7 Nbd7 18.
Bxd7 Nxd7 19. Nf5 Nf6 20. Qd6+ Qxd6 21. Nxd6 Rd8 22. Bf4 Nd5 23. Be5 Ke7 24. Nxb7 Rc8 25.
Bxg7 Rh7 26. f8=Q+ Rxf8+ 27. Bxf8+ Kxf8 28. Nd6 Ne3+ 29. Ke2 Nxc2 30. Rf1+ Ke7 31. Nxe4 Nd4+ 32. Kd3 Ne6 33. Re1 1-0

[Event "*** Titled Tuesday Blitz"]
[Site "Chess.com"]
[Date "2021.03.02"]
[Round "10"]
[White "redblizzard"]
[Black "LuisFSiles"]
[Result "1-0"]
[WhiteElo "2441"]
[BlackElo "2309"]
[TimeControl "180+1"]
[EndTime "11:57:38 PST"]
[Termination "redblizzard won by resignation"]

1. e4 c5 2. Nf3 d6 3. Bc4 Nc6 4.
c3 Nf6 5. d3 g6 6. O-O Bg7 7. Nbd2 O-O 8. Re1 e5 9. Bb3 a6 10. h3 d5 11. Nf1 h6 12. Ng3 d4 13.
cxd4 cxd4 14. a3 Qe7 15. Nh2 Be6 16. Bd2 Rac8 17. f4 Bxb3 18. Qxb3 exf4 19. Bxf4 b5 20. Nf3 Nd7 21. Qd5 Qe6 22. Qxe6 fxe6 23. Bd6 Rfd8 24.
e5 Nb6 25. Re4 Nd5 26. Rc1 h5 27. Nxd4 Nxd4 28. Rxc8 Nf3+ 29. gxf3 Rxc8 30. Ne2 Rc2 31. Nd4 Rxb2 32. Nxe6 Bh6 33. f4 Nc3 34. Rb4 Rd2 35. Nc5 Nd5 36. Rb1 Nxf4 37. Ne4 Nxh3+ 38. Kf1 Nf4 39. Rc1 Nxd3 40. Rc7 Ra2 41. Nf6+ 1-0

[Event "*** Titled Tuesday Blitz"]
[Site "Chess.com"]
[Date "2021.03.02"]
[Round "10"]
[White "MateusViageiro"]
[Black "zim0ne"]
[Result "0-1"]
[WhiteElo "2353"]
[BlackElo "2505"]
[TimeControl "180+1"]
[EndTime "11:57:39 PST"]
[Termination "zim0ne won on time"]

1. e4 e5 2. Nf3 Nc6 3. Bb5 a6 4. Ba4 d6 5. c3 Bd7 6. h3 g6 7.
d4 Bg7 8. O-O Nf6 9. Re1 Qe7 10.
Bg5 h6 11. Bh4 O-O 12. Nbd2 b5 13. Bc2 Rad8 14. a4 g5 15. Bg3 Rb8 16. axb5 axb5 17. d5 Nd8 18. Ra7 Ne8 19. Bd3 b4 20. c4 Nb7 21. Nb3 Nc5 22. Nxc5 dxc5 23. Nd2 Rb6 24. f3 h5 25. Bf2 g4 26. hxg4 hxg4 27. Nb3 Rh6 28.
Nxc5 g3 29. Be3 Rh2 30. Kf1 Qh4 31. Nxd7 Rxg2 32. Kxg2 Qh2+ 33. Kf1 g2+ 34. Ke2 g1=Q+ 0-1

[Event "*** Titled Tuesday Blitz"]
[Site "Chess.com"]
[Date "2021.03.02"]
[Round "10"]
[White "Pogosian_Manvel"]
[Black "Chernov_Alexander_A"]
[Result "1-0"]
[WhiteElo "2420"]
[BlackElo "2281"]
[TimeControl "180+1"]
[EndTime "11:57:39 PST"]
[Termination "Pogosian_Manvel won by checkmate"]

1. d4 Nf6 2. c4 e6 3. Nc3 d5 4.
Bg5 Be7 5. e3 O-O 6. Nf3 Nbd7 7.
Bd3 dxc4 8. Bxc4 c5 9. O-O a6 10. a4 cxd4 11. exd4 Nb6 12. Bb3 Nbd5 13. Rc1 Bd7 14.
Ne5 Rc8 15. Qe2 Bc6 16. Rfe1 Re8 17. Nxf7 Kxf7 18. Qxe6+ Kf8 19. Nxd5 Nxd5 20. Bxd5 Qxd5 21. Bxe7+ Rxe7 22. Qxc8+ Kf7 23. Rxe7+ Kxe7 24. Re1+ Kf7 25. Qc7+ Kg8 26. f3 Qxd4+ 27. Kh1 Qf2 28. Qd8+ Kf7 29.
Re7+ Kg6 30. Qd6+ Kg5 31. Rxg7+ Kf5 32. g4# 1-0

[Event "*** Titled Tuesday Blitz"]
[Site "Chess.com"]
[Date "2021.03.02"]
[Round "10"]
[White "VladaSviridova"]
[Black "Eloist"]
[Result "0-1"]
[WhiteElo "2220"]
[BlackElo "2325"]
[TimeControl "180+1"]
[EndTime "11:57:40 PST"]
[Termination "Eloist won on time"]

1. d4 e6 2. c4 Nf6 3. Nf3 b6 4.
g3 Bb7 5. Bg2 Be7 6. O-O O-O 7.
Nc3 Ne4 8. Bd2 f5 9. Rc1 Bf6 10. d5 Na6 11. a3 c5 12. Ne1 exd5 13. cxd5 Qe7 14. Nd3 Rae8 15. e3 Nc7 16. Nf4 d6 17. Re1 g6 18. a4 Bc8 19. Nxe4 fxe4 20. Bc3 Bxc3 21. bxc3 g5 22. Nh5 Qf7 23. Rf1 Nxd5 24. c4 Nb4 25. Rc3 Bf5 26. f4 g4 27. Qxd6 Qxh5 28. Rcc1 Qg6 29. Qxg6+ hxg6 30. Rfd1 Rd8 31. Bf1 Kf7 0-1

[Event "*** Titled Tuesday Blitz"]
[Site "Chess.com"]
[Date "2021.03.02"]
[Round "10"]
[White "MarcLonoff"]
[Black "CrazyMartian"]
[Result "0-1"]
[WhiteElo "2128"]
[BlackElo "2289"]
[TimeControl "180+1"]
[EndTime "11:57:40 PST"]
[Termination "CrazyMartian won by resignation"]

1. c4 e6 2. e4 d5 3. exd5 exd5 4.
cxd5 Nf6 5. Bb5+ Nbd7 6. Nc3 Bd6 7. Nf3 O-O 8. O-O Nb6 9. d4 Nbxd5 10. Bg5 c6 11.
Bd3 h6 12. Nxd5 cxd5 13. Bh4 Bg4 14. h3 Bh5 15. g4 Bg6 16. Ne5 Bxd3 17. Qxd3 Be7 18.
Bxf6 Bxf6 19. f4 Rc8 20. Rf2 Re8 21. Raf1 Qb6 22. g5 hxg5 23. fxg5 Bxe5 24. dxe5 Rxe5 25. h4 Rce8 26. Kg2 R8e7 27. b3 Qe6 28. Qg3 Re3 29. Rf3 Rxf3 30. Qxf3 Qe2+ 31. Qxe2 Rxe2+ 32. Rf2 Rxf2+ 33.
Kxf2 Kh7 34. h5 f6 35. gxf6 gxf6 0-1

[Event "*** Titled Tuesday Blitz"]
[Site "Chess.com"]
[Date "2021.03.02"]
[Round "10"]
[White "PowerThinking2650"]
[Black "pastouche06"]
[Result "0-1"]
[WhiteElo "2453"]
[BlackElo "2552"]
[TimeControl "180+1"]
[EndTime "11:57:44 PST"]
[Termination "pastouche06 won on time"]

1. e4 c6 2. d4 d5 3. Nc3 b5 4.
exd5 b4 5. Na4 cxd5 6. Nf3 e6 7. Ne5 Nd7 8. Bb5 Nf6 9. Bg5 Qc7 10. O-O a6 11. Bc6 Rb8 12. Re1 Be7 13. Nc5 Bxc5 14. dxc5 O-O 15. Bxd7 Nxd7 16. Be7 Nxc5 17. Bxf8 Kxf8 18.
Qh5 Kg8 19. Rad1 Bb7 20. Rd4 f6 21. Ng4 e5 22. Rdd1 Ne6 23. Ne3 Nf4 24. Qg4 Bc8 25. Qg3 d4 26. Nf1 Qxc2 27. Rc1 Qxc1 0-1

[Event "*** Titled Tuesday Blitz"]
[Site "Chess.com"]
[Date "2021.03.02"]
[Round "10"]
[White "German_Bazeev"]
[Black "AryanTari"]
[Result "0-1"]
[WhiteElo "2749"]
[BlackElo "2899"]
[TimeControl "180+1"]
[EndTime "11:57:47 PST"]
[Termination "AryanTari won by resignation"]

1. d4 d5 2. Nf3 Nf6 3. c4 c6 4. Qc2 g6 5. Bf4 Bg7 6. e3 O-O 7. Nc3 Bf5 8. Qb3 Qb6 9. h3 Na6 10.
c5 Qxb3 11. axb3 Nb4 12. Ra4 Nd3+ 13. Bxd3 Bxd3 14. Kd2 Bf5 15. Rha1 a6 16. Rb4 Ra7 17. Na4 Nd7 18. Ne5 Nxe5 19. Bxe5 f6 20. Bg3 e5 21.
Nb6 h5 22. h4 Re8 23. Rba4 Bh6 24. Re1 Kf7 25. f4 exf4 26. Bxf4 g5 27. hxg5 fxg5 28. Be5 Kg6 29. Rf1 h4 30. Raa1 g4 31. Rxf5 Kxf5 32. Rf1+ Kg5 33. Rf7 a5 34. Ke2 Rf8 35. Rc7 h3 36.
gxh3 gxh3 37. Bf4+ Kh5 38. Rh7 Rxf4 0-1

[Event "*** Titled Tuesday Blitz"]
[Site "Chess.com"]
[Date "2021.03.02"]
[Round "10"]
[White "FGHSMN"]
[Black "ChessWarrior7197"]
[Result "0-1"]
[WhiteElo "2684"]
[BlackElo "2908"]
[TimeControl "180+1"]
[EndTime "11:57:53 PST"]
[Termination "ChessWarrior7197 won by checkmate"]

1. e4 c6 2. d4 d5 3. Nc3 dxe4 4. Nxe4 Bf5 5. Ng3 Bg6 6. h4 h6 7. N1e2 Nd7 8. Nf4 Bh7 9. Bc4 Ngf6 10. c3 e5 11. dxe5 Nxe5 12. Qe2 Qe7 13. Bb3 O-O-O 14. Be3 Nd3+ 15. Nxd3 Bxd3 16. Qf3 Qe5 17. O-O-O Qa5 18.
Bf4 Qa6 19. Bxf7 Bd6 20. Bxd6 Rxd6 21. Nf5 Rdd8 22. Nxg7 Ne4 23. Qf4 Nc5 24. Ne6 Nb3+ 25. axb3 Qa1+ 26. Kd2 Qxb2+ 27. Ke3 Qe2# 0-1

[Event "*** Titled Tuesday Blitz"]
[Site "Chess.com"]
[Date "2021.03.02"]
[Round "10"]
[White "RaphCamora"]
[Black "MITerryble"]
[Result "0-1"]
[WhiteElo "2393"]
[BlackElo "2888"]
[TimeControl "180+1"]
[EndTime "11:57:53 PST"]
[Termination "MITerryble won by checkmate"]

1. e4 g6 2. d4 Bg7 3. Nc3 d6 4. f4 c6 5. Nf3 d5 6. e5 h5 7. Bd3 Nh6 8. O-O Bf5 9. Be3 e6 10. Bf2 Bf8 11. Bh4 Qb6 12. Rb1 Nd7 13. b4 Bxd3 14.
Qxd3 Nf5 15. Na4 Qb5 16. Qb3 Qc4 17. Bf2 Be7 18. Nc5 b6 19. Nd3 a5 20. a3 axb4 21.
Nxb4 Qxb3 22. Rxb3 Nb8 23. Rc3 Kd7 24. h3 h4 25. Rb1 Kc7 26. Ne1 Ra4 27. Ned3 Kd7 28. Nb2 Ra8 29. N2d3 Rc8 30. Rbb3 Na6 31. Na2 b5 32. Nab4 Nxb4 33. axb4 Ra1+ 34. Kh2 Rca8 35. Nc5+ Bxc5 36. Rxc5 Rf1 37. Bxh4 Raa1 38. g4 Rh1+ 39. Kg2 Rag1+ 40. Kf2 Nxh4 41. Rbc3 Rg2+ 42. Ke3 Rxh3# 0-1

[Event "*** Titled Tuesday Blitz"]
[Site "Chess.com"]
[Date "2021.03.02"]
[Round "10"]
[White "mjray79"]
[Black "Kostukov_Alex"]
[Result "1-0"]
[WhiteElo "2465"]
[BlackElo "2317"]
[TimeControl "180+1"]
[EndTime "11:57:54 PST"]
[Termination "mjray79 won on time"]

1. d4 g6 2. c4 Bg7 3. e4 d6 4. Nc3 e5 5. d5 f5 6. exf5 gxf5 7. f4 e4 8. Qh5+ Kf8 9. Be3 Nf6 10. Qd1 Ng4 11. Bd4 Rg8 12. Nh3 Nd7 13. Qd2 e3 14. Qd1 Nc5 15. Bxg7+ Rxg7 16. Qd4 Qe7 17. O-O-O a5 18.
Be2 Nf6 19. g3 Bd7 20. Rhf1 Re8 21. Rf3 Ng4 22. Rh1 a4 23. Rff1 Nf6 24. Re1 Kg8 25. Rhg1 c6 26. Rd1 cxd5 27. Nxd5 Nxd5 28. Qxd5+ Be6 29.
Qxd6 Qxd6 30. Rxd6 h6 31. Rgd1 Ne4 32. Rd8 Re7 33. Bh5 Rxd8 34. Rxd8+ Kg7 35. Kd1 Nf2+ 36. Nxf2 exf2 37. Be2 Rc7 38. Rd4 b5 39. cxb5 Bxa2 40. b6 Rb7 41. Rd6 Bb3+ 42. Kd2 1-0